Map: King's Cove LE

Players

RiSky - Winner!

  • Race: Zerg Zerg
  • Spawn Location: 11:00

SKillous

  • Race: Protoss Protoss
  • Spawn Location: 5:00

Event: 2019 WCS Summer

VOD

Have the link to the VOD?

Description

Time

  • Played on: July 12, 2019, 9:44 a.m.
  • Length: 3:56

All games in this series

Show
View Real Time Build Order
Export as new Build Order

RiSky Zerg - Winner!

Build Orders: Hatch First 

Get SALT Encoding   

  12  0:00  Drone  
  13  0:12  Overlord  
  13  0:18  Drone  
  14  0:31  Drone x2  
  16  0:50  Hatchery  
  16  0:52  Drone  
  16  0:56  Drone  
  17  1:00  Drone  
  18  1:10  Extractor  
  17  1:15  Spawning Pool  
  16  1:19  Drone  
  16  1:22  Drone  
  18  1:28  Drone  
  19  1:39  Drone  
  20  1:49  Overlord  
  20  2:02  Queen x2  
  20  2:03  Zergling x4  
  26  2:11  Metabolic Boost  
  26  2:12  Drone  
  26  2:15  Drone  
  29  2:22  Drone  
  29  2:23  Drone  
  30  2:39  Hatchery  
  30  2:41  Drone  
  30  2:44  Overlord  
  30  2:47  Zergling x2  
  30  2:49  Zergling x2  
  32  2:54  Zergling x2  
  33  3:00  Zergling x2  
  35  3:05  Zergling x2  
  35  3:11  Zergling x12  
  41  3:17  Overlord  
  41  3:20  Zergling x4  
  43  3:31  Overlord  
Show
View Real Time Build Order
Export as new Build Order

SKillous Protoss 

Build Orders: 1 Gate Expand, Dark Templar Rush 

Get SALT Encoding   

  12  0:00  Probe  
  13  0:12  Probe  
  14  0:19  Pylon  
  14  0:25  Probe  
  15  0:28  Assimilator  
  15  0:37  Probe  
  16  0:44  Gateway  
  16  0:45  Probe  
  17  0:53  Probe  
  17  1:04  Probe  
  19  1:16  Probe  
  20  1:25  Nexus  
  20  1:35  Cybernetics Core  
  20  1:38  Probe  
  21  1:43  Assimilator  
  21  1:50  Probe  
  22  1:54  Pylon  
  22  2:02  Probe, Adept  
  23  2:12  Warp Gate  
  23  2:14  Probe  
  26  2:20  Twilight Council  
  26  2:23  Probe  
  27  2:33  Probe  
  27  2:36  Probe  
  28  2:39  Robotics Facility  
  28  2:43  Probe  
  28  2:44  Probe  
  30  2:55  Probe x2  
  32  3:03  Dark Shrine  
  32  3:07  Probe x2  
  34  3:18  Gateway  
  34  3:19  Probe  
  35  3:25  Gateway  
  37  3:35  Probe  
  37  3:37  Probe  
  39  3:43  Assimilator  
Tags
 
Add a new tag
Caveats
  • Supply blocks, unpowered buildings, or Contaminate may cause inaccurate times.
  • Supply counts are checked every 10 seconds.